Map: Overgrowth LE (Void)

Players

Alishar - Winner!

  • Race: Zerg Zerg
  • League: Master
  • Spawn Location: 1:00

Nomade

  • Race: Terran Terran
  • League: Master
  • Spawn Location: 7:00

VOD

Have the link to the VOD?

Description

Time

  • Played on: Dec. 30, 2016, 3:17 p.m.
  • Length: 9:55
Show
View Real Time Build Order
Export as new Build Order

Alishar Zerg - Winner!

Build Orders: Hatch First 

Get SALT Encoding   

  12  0:01  Drone  
  13  0:08  Drone  
  14  0:17  Overlord  
  14  0:36  Drone x3  
  17  0:52  Hatchery  
  17  0:55  Drone  
  17  0:58  Drone  
  18  1:09  Extractor  
  17  1:12  Spawning Pool  
  17  1:15  Drone  
  17  1:19  Drone  
  18  1:30  Drone  
  19  1:40  Drone  
  20  1:52  Overlord  
  20  2:01  Queen  
  20  2:03  Queen  
  20  2:04  Zergling x4  
  26  2:13  Drone, Metabolic Boost  
  26  2:15  Drone  
  28  2:32  Hatchery  
  28  2:34  Extractor  
  28  2:36  Drone  
  27  2:40  Drone  
  27  2:41  Drone  
  30  2:47  Drone x2  
  32  2:51  Drone  
  32  2:57  Overlord  
  33  3:00  Drone  
  33  3:04  Queen  
  36  3:21  Drone x4  
  36  3:22  Overlord  
  36  3:23  Drone  
  36  3:24  Drone x2  
  43  3:29  Evolution Chamber  
  43  3:32  Evolution Chamber  
  41  3:34  Drone  
  41  3:35  Drone  
  42  3:45  Queen  
  42  3:46  Queen  
  46  3:59  Zerg Ground Armor Level 1, Zerg Melee Weapons Level 1  
  46  4:08  Drone x7  
  46  4:09  Drone  
  54  4:14  Overlord  
  54  4:22  Queen x2  
  58  4:32  Overlord x2  
  58  4:33  Zergling x2  
  58  4:34  Zergling x6  
  58  4:35  Zergling x2  
  63  4:41  Zergling x6  
  66  4:46  Overlord  
  66  4:47  Overlord  
  66  4:55  Drone x2  
  66  4:56  Drone x2  
  66  4:57  Zergling x12  
  76  5:11  Drone x3  
  76  5:13  Lair  
  79  5:19  Zergling x6  
  82  5:22  Hatchery  
  73  5:42  Extractor  
  72  5:48  Drone x3  
  72  5:49  Drone x2  
  77  5:50  Hatchery, Drone x2  
  77  5:51  Drone  
  79  6:00  Zergling x14  
  86  6:14  Zerg Melee Weapons Level 2  
  86  6:16  Zergling x2  
  86  6:17  Zergling x16  
  94  6:21  Extractor  
  94  6:22  Extractor  
  91  6:38  Drone x3  
  91  6:39  Drone x3  
  95  6:47  Baneling Nest  
  95  6:48  Drone x10  
  95  6:52  Overlord x5  
  104  7:12  Zerg Ground Armor Level 2  
  104  7:14  Zergling x22  
  114  7:20  Overlord  
  114  7:21  Overlord  
  114  7:26  Overlord  
  114  7:30  Zergling x2  
  114  7:31  Zergling x22  
  114  7:32  Centrifical Hooks  
  126  7:44  Zergling x16  
  134  8:04  Zergling x2  
  134  8:05  Zergling x24  
  132  8:14  Zergling x2  
  132  8:15  Zergling x18  
  136  8:20  Baneling x9  
  136  8:23  Baneling x15  
  136  8:25  Baneling x5  
  136  8:26  Baneling x6  
  136  8:27  Zergling x6  
  136  8:28  Zergling x10  
  136  8:33  Extractor  
  143  8:35  Extractor  
  143  8:37  Drone x3  
  143  8:38  Drone x2  
  143  8:39  Drone, Zergling x4  
  150  8:41  Hatchery  
  150  8:46  Overlord x2  
  150  8:48  Zergling x8  
  135  9:02  Zergling x2  
  135  9:03  Zergling x12  
  134  9:13  Zergling x28  
  125  9:24  Zergling x8  
  116  9:32  Zergling x8  
  116  9:33  Infestation Pit  
  113  9:41  Baneling  
  122  9:48  Extractor  
  122  9:50  Extractor  
  122  9:52  Spire  
Show
View Real Time Build Order
Export as new Build Order

Nomade Terran 

Build Orders: Reaper Expand, MMM Bio 

Get SALT Encoding   

  12  0:00  SCV  
  13  0:13  SCV  
  14  0:17  Supply Depot  
  14  0:25  SCV  
  15  0:39  SCV  
  15  0:40  Barracks  
  16  0:44  Refinery  
  16  0:51  SCV  
  17  1:03  SCV  
  18  1:15  SCV  
  19  1:27  Orbital Command  
  19  1:28  Reaper  
  20  1:37  Command Center  
  20  1:47  Barracks  
  20  1:52  SCV  
  21  2:00  Barracks Reactor  
  21  2:02  Supply Depot  
  21  2:06  SCV  
  22  2:10  Refinery  
  22  2:18  SCV  
  23  2:28  Factory  
  23  2:30  SCV  
  24  2:37  Barracks Tech Lab  
  24  2:41  Marine x2  
  24  2:43  SCV  
  27  2:50  Orbital Command  
  27  2:56  SCV  
  28  2:59  Stimpack  
  28  3:00  Marine x3  
  31  3:08  SCV  
  32  3:17  SCV  
  32  3:18  Marine x3  
  36  3:20  SCV  
  36  3:23  Starport  
  36  3:25  Factory Reactor  
  37  3:30  SCV  
  37  3:32  SCV  
  39  3:43  SCV  
  39  3:44  SCV  
  39  3:46  Supply Depot x2  
  39  3:48  Marine x3  
  42  3:55  SCV  
  45  3:56  SCV  
  46  4:07  Marine, SCV  
  46  4:08  Marine x2  
  46  4:09  SCV  
  51  4:12  Supply Depot  
  51  4:14  Medivac x2  
  55  4:19  SCV  
  55  4:20  Engineering Bay  
  55  4:21  SCV  
  55  4:22  Engineering Bay  
  57  4:26  Marine x3  
  60  4:32  SCV  
  60  4:33  SCV  
  60  4:34  Supply Depot  
  62  4:41  Refinery  
  62  4:44  Medivac  
  62  4:45  SCV x2  
  66  4:46  Marine, Supply Depot  
  66  4:47  Marine x2  
  69  4:55  Terran Infantry Weapons Level 1  
  69  4:56  Terran Infantry Armor Level 1  
  69  4:57  Supply Depot  
  69  5:00  SCV x2  
  69  5:04  Marine x3  
  74  5:15  SCV  
  74  5:17  Command Center  
  74  5:33  Marine x2  
  74  5:34  Widow Mine, Marine, Medivac x2  
  65  5:39  Combat Shields  
  65  5:40  SCV  
  65  5:41  SCV  
  65  5:42  Refinery, Supply Depot  
  67  5:53  SCV x2  
  67  5:55  Barracks x2  
  69  5:57  Barracks  
  69  5:59  Marine x3  
  72  6:04  Supply Depot  
  72  6:05  SCV x2  
  74  6:16  Widow Mine  
  74  6:17  Medivac x2, SCV x2  
  81  6:21  Armory  
  81  6:28  Marine x2  
  81  6:29  SCV x2  
  82  6:42  Marauder  
  82  6:43  Orbital Command  
  82  6:45  Barracks Reactor x3  
  78  6:48  SCV  
  78  6:50  Barracks x2  
  78  6:51  Barracks  
  78  6:53  SCV  
  80  6:56  Supply Depot  
  80  7:00  SCV  
  81  7:01  Marine x2  
  81  7:03  Marine, Factory Reactor  
  84  7:11  SCV  
  84  7:12  SCV, Terran Infantry Weapons Level 2  
  86  7:17  Supply Depot  
  86  7:21  Marine x8  
  94  7:24  Marauder  
  95  7:37  SCV x2  
  95  7:42  Orbital Command  
  97  7:45  Barracks Tech Lab x2  
  97  7:46  Barracks Tech Lab  
  97  7:52  Missile Turret  
  97  8:01  Marine x3  
  94  8:10  Marine  
  94  8:11  Widow Mine x2, Marine x7, Marauder  
  101  8:17  Liberator x2  
  101  8:18  SCV x2  
  98  8:24  Marine x3  
  101  8:28  Marine  
  101  8:29  Marine x2, Marauder  
  101  8:30  SCV  
  101  8:32  Marine x3, SCV x2  
  101  8:33  Marine x2  
  114  8:38  Refinery  
  120  8:42  SCV  
  120  8:43  Marine  
  120  8:44  Widow Mine, Marine x2  
  120  8:45  Supply Depot  
  120  8:46  Widow Mine, Marine  
  120  8:47  Concussive Shells  
  129  8:51  Marauder x2  
  104  9:08  Marine x9  
  104  9:09  Marauder  
  93  9:20  Orbital Command  
  69  9:27  Marine  
  69  9:28  Marine x9  
  69  9:38  SCV x2  
Tags
 
Add a new tag
Caveats
  • Supply blocks, unpowered buildings, or Contaminate may cause inaccurate times.
  • Supply counts are checked every 10 seconds.